Canucks vs Blues (R1)

Created - 16 octobre 2015 at 20:49

Goals
1 2 3 T
Canucks 2 2 1 5
Blues 0 0 2 2
Shots
1 2 3 T
Canucks 10 16 6 32
Blues 7 7 11 25

1st period

1. Canucks , Steve Montador 1 (Matt Stajan, Alex Goligoski) at 0:08
2. Canucks , Peter Worrell 3 (Matt Stajan, Jaromir Jagr) at 18:18 (PP)

Penalties :
Joe Pavelski (STL) for Tripping (Minor) at 18:06

2nd period

3. Canucks , Daniel Paille 2 (Olli Jokinen, Alex Goligoski) at 16:59
4. Canucks , Tomas Plekanec 1 (David Jones, Alex Goligoski) at 18:16 (PP)

Penalties :
Jaromir Jagr (Van) for Interference (Minor) at 0:15, Bryce Lampman (STL) for Interference (Minor) at 8:57, Drew Fata (STL) for Tripping (Minor) at 17:10, Loui Eriksson (STL) for Slashing (Minor) at 19:40

3rd period

5. Canucks , Alex Tanguay 1 (Nikolai Zherdev, Alex Goligoski) at 9:15 (PP)
6. Blues , Kyle Okposo 2 (Andrew Cogliano, Kevin Shattenkirk) at 13:39
7. Blues , Kevin Shattenkirk 1 (Drew Fata, Paul Kariya) at 13:55

Penalties :
Peter Worrell (Van) for Slashing (Minor) at 4:25, Andrew Cogliano (STL) for Roughing (Double Minor) at 6:59, Matthew Spiller (STL) for Fighting (Major) at 11:27, Peter Worrell (Van) for Fighting (Major) at 11:27, Clarke MacArthur (Van) for Hooking (Minor) at 18:55

Goalie Stats

Carey Price (Van), 23 saves from 25 shots - (0,920), W, 4-0-0, 60:00 minutes
Tuukka Rask (STL), 27 saves from 32 shots - (0,844), L, 2-2-1, 60:00 minutes

Players Stats for Canucks

Player Name              G  A  P  +/- PIM S  H  SB GA TA FO     MP     PP MP  PK MP  
------------------------------------------------------------------------------------
Alex Goligoski           0  4  4   2  0   1  0  1  1  0  0/0    25:44   3:59   2:52 
Alex Tanguay             1  0  1   0  0   5  0  0  1  0  0/0    12:42   0:16   1:18 
Antti Miettinen          0  0  0   0  0   2  1  0  1  0  0/0     9:52   0:16   0:00 
Clarke MacArthur         0  0  0   0  2   0  2  0  0  0  0/3    19:19   3:08   0:36 
Daniel Paille            1  0  1   0  0   1  0  1  0  0  1/1    11:06   0:00   1:49 
David Jones              0  1  1   0  0   3  2  0  0  1  0/0    15:39   3:08   0:00 
Jaromir Jagr             0  1  1   0  2   1  1  0  0  0  5/6    21:14   4:08   1:38 
Karl Alzner              0  0  0   0  0   1  1  2  0  0  0/0    14:48   0:16   0:36 
Kent Huskins             0  0  0   0  0   3  0  0  0  0  0/0    14:29   3:33   0:00 
Kyle Cumiskey            0  0  0  -2  0   0  0  0  0  0  0/0    19:44   3:33   1:34 
Matt Stajan              0  2  2   0  0   3  2  3  0  1  13/29  21:31   4:08   2:46 
Maxim Lapierre           0  0  0   0  0   1  2  0  1  0  2/3    11:17   0:00   1:08 
Nikolai Zherdev          0  1  1   0  0   0  0  0  0  0  0/0    10:25   0:16   0:00 
Olli Jokinen             0  1  1   0  0   1  0  0  0  0  2/3     9:41   0:00   0:24 
Peter Worrell            1  0  1   0  7   4  4  0  0  0  0/1    16:29   4:08   0:25 
Steve Montador           1  0  1   2  0   2  1  1  0  0  0/0    20:18   0:00   1:34 
Tom Poti                 0  0  0  -2  0   0  1  1  1  1  0/0    24:57   3:43   3:28 
Tomas Plekanec           1  0  1   0  0   4  2  0  0  0  3/6    15:39   3:08   0:00 

Players Stats for Blues

Player Name              G  A  P  +/- PIM S  H  SB GA TA FO     MP     PP MP  PK MP  
------------------------------------------------------------------------------------
Andrew Cogliano          0  1  1   1  4   0  0  0  0  0  0/0    13:02   0:03   1:54 
Bryce Lampman            0  0  0  -1  2   0  3  4  0  3  0/0    21:59   0:12   3:35 
David Perron             0  0  0   0  0   3  2  0  0  0  0/0    16:43   2:18   0:46 
Drew Fata                0  1  1   2  2   2  1  5  0  0  0/0    18:35   0:00   4:00 
Joe Pavelski             0  0  0   0  2   2  2  0  0  0  1/3    17:27   2:41   0:00 
Kevin Klein              0  0  0  -1  0   0  0  0  0  0  0/0    18:15   2:14   4:09 
Kevin Shattenkirk        1  1  2   2  0   1  1  0  0  0  0/0    20:35   2:36   1:14 
Kyle Okposo              1  0  1   1  0   1  1  0  0  0  0/0    10:17   0:00   0:00 
Lee Stempniak            0  0  0  -1  0   0  3  1  0  0  0/0     8:31   0:03   0:00 
Loui Eriksson            0  0  0   0  2   2  4  0  1  0  0/0    17:12   2:18   1:11 
Matthew Spiller          0  0  0  -1  5   0  1  0  0  0  0/0    16:30   2:14   2:06 
Mike Green               0  0  0  -1  0   2  1  1  0  0  0/0    24:13   2:48   0:00 
Nicklas Backstrom        0  0  0   0  0   5  1  0  0  0  7/12   17:09   2:18   0:57 
Nik Antropov             0  0  0   1  0   0  0  0  0  0  6/14   14:32   0:00   4:15 
Paul Kariya              0  1  1   0  0   2  0  0  1  0  0/0    17:28   2:41   0:00 
Taylor Pyatt             0  0  0  -1  0   0  0  0  0  0  0/1    12:46   0:03   4:15 
Travis Zajac             0  0  0   0  0   5  1  0  1  2  12/22  17:28   2:41   0:00 
Tyler Arnason            0  0  0  -1  0   0  1  0  0  0  0/0     9:40   0:00   1:46 

3 Stars

1 - Alex Goligoski (Van)
2 - Kevin Shattenkirk (STL)
3 - Steve Montador (Van)

Power Play

Canucks - 3 on 6 Attempt(s) - 50,00%
Blues - 0 on 3 Attempt(s) - 0,00%

Penalty Kill

Canucks - 3 on 3 Attempt(s) - 100,00% - Score 0 goal in Penalty Kill
Blues - 3 on 6 Attempt(s) - 50,00% - Score 0 goal in Penalty Kill

Team Stat

Canucks - Hits : 19 - Faceoff Wins : 26 - Blocked Shots : 9 - Penalty Minutes : 11
Blues - Hits : 22 - Faceoff Wins : 26 - Blocked Shots : 11 - Penalty Minutes : 17

Official

Referees : Kimmerly Greg and Peel Tim
Linesman : Vaughan Rody and Pierre Racicot

Game Notes

Peter Worrell beats up Matthew Spiller at 11:27 of 3rd period

Finance

Level 1 -- Attendance: 6000 (100,00%) -- Ticket Income 504 000 $
Level 2 -- Attendance: 4417 (88,34%) -- Ticket Income 229 684 $
Level 3 -- Attendance: 1761 (88,05%) -- Ticket Income 52 830 $
Level 4 -- Attendance: 4000 (100,00%) -- Ticket Income 76 000 $
Luxury Box -- Attendance: 1000 (100,00%) -- Ticket Income 169 000 $
Game was played at the Scotttrade center'
Total Attendance: 17178 (95,43%)
Total Ticket Income: 1 031 514 $
Other Income: 154 727 $
Total Income: 1 186 241 $

Canucks

5 vs 5 Forward 
   Center                   Left Wing                Right Wing               Time % Phy DF OF 
 1 Matt Stajan              Clarke MacArthur         Jaromir Jagr             40     1   2  2  
 2 Tomas Plekanec           Peter Worrell            David Jones              30     1   2  2  
 3 Maxim Lapierre           Alex Tanguay             Nikolai Zherdev          20     1   2  2  
 4 Olli Jokinen             Daniel Paille            Antti Miettinen          10     1   2  2  

5 vs 5 Defense 
   Defense                  Defense                                           Time % Phy DF OF 
 1 Steve Montador           Alex Goligoski                                    40     1   2  2  
 2 Kyle Cumiskey            Tom Poti                                          30     1   2  2  
 3 Kent Huskins             Karl Alzner                                       20     1   2  2  
 4 Alex Goligoski           Tom Poti                                          10     1   2  2  

PowerPlay Forward 
   Center                   Left Wing                Right Wing               Time % Phy DF OF 
 1 Matt Stajan              Peter Worrell            Jaromir Jagr             60     1   2  2  
 2 Tomas Plekanec           Clarke MacArthur         David Jones              40     1   2  2  

PowerPlay Defense
   Defense                  Defense                                           Time % Phy DF OF 
 1 Alex Goligoski           Tom Poti                                          60     1   2  2  
 2 Kent Huskins             Kyle Cumiskey                                     40     1   2  2  

Penalty Kill 4 Players Forward 
   Center                   Wing                     Time % Phy DF OF 
 1 Jaromir Jagr             Matt Stajan              60     1   2  2  
 2 Peter Worrell            Clarke MacArthur         40     1   2  2  

Penalty Kill 4 Players Defense
   Defense                  Defense                  Time % Phy DF OF 
 1 Alex Goligoski           Tom Poti                 60     1   2  2  
 2 Kyle Cumiskey            Steve Montador           40     1   2  2  

Penalty Kill - 3 Players Forward 
   Forward                                           Time % Phy DF OF 
 1 Jaromir Jagr                                      60     1   2  2  
 2 Matt Stajan                                       40     1   2  2  

Penalty Kill - 3 Players Defense
   Defense                  Defense                  Time % Phy DF OF 
 1 Kent Huskins             Tom Poti                 60     1   2  2  
 2 Kyle Cumiskey            Karl Alzner              40     1   2  2  

4 vs 4 Forward 
   Center                   Wing                     Time % Phy DF OF 
 1 Jaromir Jagr             Matt Stajan              60     1   2  2  
 2 Peter Worrell            Clarke MacArthur         40     1   2  2  

4 vs 4 Defense
   Defense                  Defense                  Time % Phy DF OF 
 1 Kent Huskins             Tom Poti                 60     1   2  2  
 2 Karl Alzner              Steve Montador           40     1   2  2  

Last Minutes Offensive
   Center                   Left Wing                Right Wing               Defense                  Defense                  
   Matt Stajan              Peter Worrell            Jaromir Jagr             Alex Goligoski           Tom Poti                 

Last Minutes Defensive
   Center                   Left Wing                Right Wing               Defense                  Defense                  
   Matt Stajan              Peter Worrell            Jaromir Jagr             Alex Goligoski           Tom Poti                 

Goaltenders
Starting : Carey Price              
Backup : Chad Johnson             

Extra Forwards
Normal : Alex Tanguay, Antti Miettinen, Olli Jokinen - PP : Alex Tanguay, Antti Miettinen - PK : Daniel Paille
Extra Defensemen
Normal : Steve Montador, Karl Alzner, Kent Huskins - PP : Alex Goligoski - PK : Karl Alzner, Kent Huskins
Penalty Shots
Jaromir Jagr, Matt Stajan, Peter Worrell, Clarke MacArthur, Maxim Lapierre

Blues

5 vs 5 Forward 
   Center                   Left Wing                Right Wing               Time % Phy DF OF 
 1 Travis Zajac             Paul Kariya              Joe Pavelski             36     1   2  2  
 2 Nicklas Backstrom        David Perron             Loui Eriksson            32     1   2  2  
 3 Nik Antropov             Andrew Cogliano          Kyle Okposo              22     1   2  2  
 4 Tyler Arnason            Taylor Pyatt             Lee Stempniak            10     1   2  2  

5 vs 5 Defense 
   Defense                  Defense                                           Time % Phy DF OF 
 1 Mike Green               Bryce Lampman                                     40     1   2  2  
 2 Kevin Shattenkirk        Drew Fata                                         30     1   2  2  
 3 Matthew Spiller          Kevin Klein                                       20     1   2  2  
 4 Mike Green               Kevin Shattenkirk                                 10     1   2  2  

PowerPlay Forward 
   Center                   Left Wing                Right Wing               Time % Phy DF OF 
 1 Travis Zajac             Paul Kariya              Joe Pavelski             60     1   2  2  
 2 Nicklas Backstrom        David Perron             Loui Eriksson            40     1   2  2  

PowerPlay Defense
   Defense                  Defense                                           Time % Phy DF OF 
 1 Mike Green               Kevin Shattenkirk                                 60     1   2  2  
 2 Matthew Spiller          Kevin Klein                                       40     1   2  2  

Penalty Kill 4 Players Forward 
   Center                   Wing                     Time % Phy DF OF 
 1 Nik Antropov             Taylor Pyatt             60     1   2  2  
 2 Tyler Arnason            Andrew Cogliano          40     1   2  2  

Penalty Kill 4 Players Defense
   Defense                  Defense                  Time % Phy DF OF 
 1 Bryce Lampman            Drew Fata                60     1   2  2  
 2 Matthew Spiller          Kevin Klein              40     1   2  2  

Penalty Kill - 3 Players Forward 
   Forward                                           Time % Phy DF OF 
 1 Andrew Cogliano                                   60     1   2  2  
 2 Nik Antropov                                      40     1   2  2  

Penalty Kill - 3 Players Defense
   Defense                  Defense                  Time % Phy DF OF 
 1 Drew Fata                Kevin Klein              60     1   2  2  
 2 Drew Fata                Matthew Spiller          40     1   2  2  

4 vs 4 Forward 
   Center                   Wing                     Time % Phy DF OF 
 1 Nik Antropov             Paul Kariya              60     1   2  2  
 2 Travis Zajac             Joe Pavelski             40     1   2  2  

4 vs 4 Defense
   Defense                  Defense                  Time % Phy DF OF 
 1 Kevin Shattenkirk        Bryce Lampman            60     1   2  2  
 2 Mike Green               Drew Fata                40     1   2  2  

Last Minutes Offensive
   Center                   Left Wing                Right Wing               Defense                  Defense                  
   Nicklas Backstrom        Paul Kariya              Joe Pavelski             Kevin Shattenkirk        Mike Green               

Last Minutes Defensive
   Center                   Left Wing                Right Wing               Defense                  Defense                  
   Nik Antropov             Taylor Pyatt             Joe Pavelski             Bryce Lampman            Drew Fata                

Goaltenders
Starting : Tuukka Rask              
Backup : Adam Munro               

Extra Forwards
Normal : Andrew Cogliano, Taylor Pyatt, Joe Pavelski - PP : Andrew Cogliano, Taylor Pyatt - PK : Loui Eriksson
Extra Defensemen
Normal : Drew Fata, Kevin Shattenkirk, Bryce Lampman - PP : Matthew Spiller - PK : Kevin Klein, Kevin Shattenkirk
Penalty Shots
David Perron, Mike Green, Joe Pavelski, Andrew Cogliano, Travis Zajac

% Time on Ice - Canucks

Lines # - Real PCT - Wanted PCT - Time Play
Normal Forward
1 - 31% - 40% - 14:37
2 - 28% - 30% - 13:23
3 - 21% - 20% - 10:09
4 - 20% - 10% - 9:17
Normal Defense
1 - 42% - 40% - 19:45
2 - 31% - 30% - 14:37
3 - 23% - 20% - 10:56
4 - 4% - 10% - 2:08
PP Forward
1 - 58% - 60% - 4:24
2 - 42% - 40% - 3:08
PP Defense
1 - 53% - 60% - 3:59
2 - 47% - 40% - 3:33
PK Forward
1 - 81% - 60% - 4:04
2 - 19% - 40% - 0:58
PK Defense
1 - 69% - 60% - 3:28
2 - 31% - 40% - 1:34
PK3 Forward
1 - 0% - 60%
2 - 0% - 40%
PK3 Defense
1 - 0% - 60%
2 - 0% - 40%
44 Forward
1 - 0% - 60%
2 - 0% - 40%
44 Defense
1 - 0% - 60%
2 - 0% - 40%
Last Minute Offensive  - 0:00
Last Minute Defensive  - 0:00
Total
Forward - 60:00
Defense - 60:00

% Time on Ice - Blues

Lines # - Real PCT - Wanted PCT - Time Play
Normal Forward
1 - 33% - 36% - 15:36
2 - 29% - 32% - 13:39
3 - 22% - 22% - 10:17
4 - 17% - 10% - 7:54
Normal Defense
1 - 39% - 40% - 18:42
2 - 27% - 30% - 12:50
3 - 25% - 20% - 11:52
4 - 9% - 10% - 4:02
PP Forward
1 - 54% - 60% - 2:44
2 - 46% - 40% - 2:18
PP Defense
1 - 56% - 60% - 2:48
2 - 44% - 40% - 2:14
PK Forward
1 - 77% - 60% - 5:46
2 - 23% - 40% - 1:46
PK Defense
1 - 78% - 60% - 5:52
2 - 22% - 40% - 1:40
PK3 Forward
1 - 0% - 60%
2 - 0% - 40%
PK3 Defense
1 - 0% - 60%
2 - 0% - 40%
44 Forward
1 - 0% - 60%
2 - 0% - 40%
44 Defense
1 - 0% - 60%
2 - 0% - 40%
Last Minute Offensive  - 0:00
Last Minute Defensive  - 0:00
Total
Forward - 60:00
Defense - 60:00

Play by Play

1st period


0:01 of 1st period - Jaromir Jagr wins face-off versus Travis Zajac in neutral zone.
0:06 of 1st period - Snap shot by Matt Stajan.
0:06 of 1st period - Shot Blocked by Mike Green.
0:08 of 1st period - Slapshot by Steve Montador.
0:08 of 1st period - Goal by Steve Montador - Canucks : 1 - Blues : 0.
0:09 of 1st period - Nicklas Backstrom wins face-off versus Tomas Plekanec in neutral zone.
0:18 of 1st period - Wrist shot by Peter Worrell.
0:18 of 1st period - Stopped by Tuukka Rask with a rebound.
1:02 of 1st period - Slapshot by Paul Kariya.
1:02 of 1st period - Stopped by Carey Price with a rebound.
1:22 of 1st period - Wrist shot by David Jones.
1:22 of 1st period - Shot Misses the Net.
1:24 of 1st period - Slapshot by Kent Huskins.
1:24 of 1st period - Shot Misses the Net.
1:26 of 1st period - Snap shot by Kent Huskins.
1:26 of 1st period - Shot Misses the Net.
1:28 of 1st period - Snap shot by Tomas Plekanec.
1:28 of 1st period - Shot Blocked by Bryce Lampman.
1:30 of 1st period - Snap shot by David Jones.
1:30 of 1st period - Deflect By Peter Worrell.
1:30 of 1st period - Stopped by Tuukka Rask without a rebound.
1:31 of 1st period - Nicklas Backstrom wins face-off versus Matt Stajan in Blues zone.
1:58 of 1st period - Steve Montador is hit by Travis Zajac and loses puck.
3:45 of 1st period - Nik Antropov is hit by Maxim Lapierre and loses puck.
4:34 of 1st period - Snap shot by Maxim Lapierre.
4:34 of 1st period - Shot Misses the Net.
4:36 of 1st period - Slapshot by Kent Huskins.
4:36 of 1st period - Shot Blocked by Drew Fata.
5:25 of 1st period - Loui Eriksson is hit by Matt Stajan and loses puck.
6:12 of 1st period - Steve Montador is hit by Bryce Lampman.
7:17 of 1st period - Kevin Shattenkirk is hit by David Jones.
7:28 of 1st period - Andrew Cogliano is hit by Peter Worrell and loses puck.
7:44 of 1st period - Lee Stempniak is hit by Antti Miettinen and loses puck.
8:29 of 1st period - Wrist shot by Nik Antropov.
8:29 of 1st period - Shot Misses the Net.
8:31 of 1st period - Slapshot by Mike Green.
8:31 of 1st period - Stopped by Carey Price without a rebound.
8:32 of 1st period - Tomas Plekanec wins face-off versus Nik Antropov in Canucks zone.
9:26 of 1st period - Backhand shot by Daniel Paille.
9:26 of 1st period - Shot Misses the Net.
10:09 of 1st period - Tomas Plekanec is hit by Bryce Lampman and loses puck.
10:44 of 1st period - Slapshot by Daniel Paille.
10:44 of 1st period - Shot Misses the Net.
10:54 of 1st period - Snap shot by Jaromir Jagr.
10:54 of 1st period - Stopped by Tuukka Rask without a rebound.
10:55 of 1st period - Nicklas Backstrom wins face-off versus Matt Stajan in Blues zone.
11:14 of 1st period - Tom Poti is hit by Loui Eriksson and loses puck.
11:56 of 1st period - Slapshot by Jaromir Jagr.
11:56 of 1st period - Deflect By Matt Stajan.
11:56 of 1st period - Stopped by Tuukka Rask with a rebound.
12:02 of 1st period - Slapshot by Matt Stajan.
12:02 of 1st period - Stopped by Tuukka Rask without a rebound.
12:03 of 1st period - Tomas Plekanec wins face-off versus Nicklas Backstrom in Blues zone.
12:16 of 1st period - Snap shot by David Jones.
12:16 of 1st period - Stopped by Tuukka Rask with a rebound.
12:30 of 1st period - Paul Kariya is hit by Karl Alzner and loses puck.
12:57 of 1st period - Kent Huskins is hit by Matthew Spiller and loses puck.
13:32 of 1st period - Olli Jokinen is hit by Drew Fata and loses puck.
15:26 of 1st period - Snap shot by Loui Eriksson.
15:26 of 1st period - Deflect By David Perron.
15:26 of 1st period - Shot Misses the Net.
15:26 of 1st period - Puck is out of play.
15:27 of 1st period - Nicklas Backstrom wins face-off versus Matt Stajan in Canucks zone.
15:30 of 1st period - Slapshot by Nicklas Backstrom.
15:30 of 1st period - Stopped by Carey Price without a rebound.
15:31 of 1st period - Matt Stajan wins face-off versus Nicklas Backstrom in Canucks zone.
15:36 of 1st period - Wrist shot by David Perron.
15:36 of 1st period - Stopped by Carey Price without a rebound.
15:37 of 1st period - Travis Zajac wins face-off versus Jaromir Jagr in Canucks zone.
15:38 of 1st period - Wrist shot by Paul Kariya.
15:38 of 1st period - Shot Misses the Net.
15:40 of 1st period - Slapshot by Drew Fata.
15:40 of 1st period - Deflect By Clarke MacArthur.
15:40 of 1st period - Stopped by Carey Price with a rebound.
15:42 of 1st period - Backhand shot by Drew Fata.
15:42 of 1st period - Deflect By Travis Zajac.
15:42 of 1st period - Stopped by Carey Price with a rebound.
15:44 of 1st period - Slapshot by Drew Fata.
15:44 of 1st period - Stopped by Carey Price with a rebound.
15:52 of 1st period - Snap shot by Joe Pavelski.
15:52 of 1st period - Shot Blocked by Tom Poti.
16:08 of 1st period - Snap shot by Tomas Plekanec.
16:08 of 1st period - Shot Blocked by Drew Fata.
17:01 of 1st period - Kevin Shattenkirk is hit by Clarke MacArthur and loses puck.
17:31 of 1st period - Snap shot by Tomas Plekanec.
17:31 of 1st period - Stopped by Tuukka Rask with a rebound.
17:33 of 1st period - Wrist shot by David Jones.
17:33 of 1st period - Shot Misses the Net.
17:43 of 1st period - Mike Green is hit by Steve Montador and loses puck.
18:04 of 1st period - Snap shot by Alex Goligoski.
18:04 of 1st period - Shot Misses the Net.
18:06 of 1st period - Minor Penalty to Joe Pavelski for Tripping.
18:07 of 1st period - Matt Stajan wins face-off versus Nik Antropov in Blues zone.
18:14 of 1st period - Slapshot by Matt Stajan.
18:14 of 1st period - Stopped by Tuukka Rask with a rebound.
18:16 of 1st period - Snap shot by Peter Worrell.
18:16 of 1st period - Shot Blocked by Drew Fata.
18:18 of 1st period - Slapshot by Peter Worrell.
18:18 of 1st period - Goal by Peter Worrell - Canucks : 2 - Blues : 0.
18:19 of 1st period - Travis Zajac wins face-off versus Clarke MacArthur in neutral zone.
19:29 of 1st period - Off-side.
19:30 of 1st period - Nik Antropov wins face-off versus Clarke MacArthur in neutral zone.
Goals for this period are 2 for Canucks vs 0 for Blues.
Shots for this period are 10 for Canucks vs 7 for Blues.

2nd period


0:01 of 2nd period - Travis Zajac wins face-off versus Matt Stajan in neutral zone.
0:12 of 2nd period - Slapshot by Travis Zajac.
0:12 of 2nd period - Stopped by Carey Price without a rebound.
0:13 of 2nd period - Matt Stajan wins face-off versus Travis Zajac in Canucks zone.
0:15 of 2nd period - Minor Penalty to Jaromir Jagr for Interference.
0:16 of 2nd period - Daniel Paille wins face-off versus Travis Zajac in Canucks zone.
1:47 of 2nd period - Loui Eriksson is hit by Maxim Lapierre.
2:15 of 2nd period - Penalty to Jaromir Jagr is over, Jaromir Jagr is back on ice.
2:19 of 2nd period - Snap shot by Clarke MacArthur.
2:19 of 2nd period - Shot Blocked by Bryce Lampman.
2:54 of 2nd period - Slapshot by Clarke MacArthur.
2:54 of 2nd period - Shot Misses the Net.
2:56 of 2nd period - Slapshot by Steve Montador.
2:56 of 2nd period - Stopped by Tuukka Rask with a rebound.
3:06 of 2nd period - Wrist shot by Peter Worrell.
3:06 of 2nd period - Stopped by Tuukka Rask without a rebound.
3:07 of 2nd period - Maxim Lapierre wins face-off versus Taylor Pyatt in Blues zone.
3:08 of 2nd period - Slapshot by Alex Tanguay.
3:08 of 2nd period - Stopped by Tuukka Rask with a rebound.
3:10 of 2nd period - Wrist shot by Kent Huskins.
3:10 of 2nd period - Stopped by Tuukka Rask with a rebound.
3:12 of 2nd period - Snap shot by Maxim Lapierre.
3:12 of 2nd period - Shot Misses the Net.
3:14 of 2nd period - Slapshot by Karl Alzner.
3:14 of 2nd period - Stopped by Tuukka Rask with a rebound.
3:16 of 2nd period - Snap shot by Kent Huskins.
3:16 of 2nd period - Deflect By Tyler Arnason.
3:16 of 2nd period - Stopped by Tuukka Rask with a rebound.
3:28 of 2nd period - Kent Huskins is hit by Lee Stempniak.
3:41 of 2nd period - Off-side.
3:42 of 2nd period - Nicklas Backstrom wins face-off versus Olli Jokinen in neutral zone.
3:45 of 2nd period - Daniel Paille is hit by David Perron.
3:49 of 2nd period - Snap shot by Nicklas Backstrom.
3:49 of 2nd period - Deflect By Alex Goligoski.
3:49 of 2nd period - Shot Blocked by Daniel Paille.
3:49 of 2nd period - Puck is out of play.
3:50 of 2nd period - Travis Zajac wins face-off versus Matt Stajan in Canucks zone.
3:59 of 2nd period - Travis Zajac is hit by Jaromir Jagr and loses puck.
4:24 of 2nd period - Snap shot by Nicklas Backstrom.
4:24 of 2nd period - Shot Blocked by Steve Montador.
4:26 of 2nd period - Slapshot by Nicklas Backstrom.
4:26 of 2nd period - Stopped by Carey Price with a rebound.
4:42 of 2nd period - Slapshot by Tomas Plekanec.
4:42 of 2nd period - Stopped by Tuukka Rask without a rebound.
4:43 of 2nd period - Nik Antropov wins face-off versus Tomas Plekanec in Blues zone.
4:43 of 2nd period - Nik Antropov is hit by Peter Worrell.
5:30 of 2nd period - Snap shot by Antti Miettinen.
5:30 of 2nd period - Stopped by Tuukka Rask with a rebound.
5:32 of 2nd period - Snap shot by Antti Miettinen.
5:32 of 2nd period - Stopped by Tuukka Rask without a rebound.
5:33 of 2nd period - Olli Jokinen wins face-off versus Nicklas Backstrom in Blues zone.
5:57 of 2nd period - Wrist shot by Olli Jokinen.
5:57 of 2nd period - Stopped by Tuukka Rask with a rebound.
6:13 of 2nd period - Snap shot by Nicklas Backstrom.
6:13 of 2nd period - Stopped by Carey Price with a rebound.
6:15 of 2nd period - Backhand shot by David Perron.
6:15 of 2nd period - Deflect By Nicklas Backstrom.
6:15 of 2nd period - Stopped by Carey Price with a rebound.
6:17 of 2nd period - Slapshot by Bryce Lampman.
6:17 of 2nd period - Shot Blocked by Karl Alzner.
6:19 of 2nd period - Slapshot by Loui Eriksson.
6:19 of 2nd period - Shot Misses the Net.
6:21 of 2nd period - Wrist shot by David Perron.
6:21 of 2nd period - Shot Blocked by Karl Alzner.
6:25 of 2nd period - Snap shot by David Perron.
6:25 of 2nd period - Stopped by Carey Price without a rebound.
6:26 of 2nd period - Matt Stajan wins face-off versus Joe Pavelski in Canucks zone.
6:51 of 2nd period - Peter Worrell is hit by Kyle Okposo.
6:57 of 2nd period - Snap shot by David Jones.
6:57 of 2nd period - Shot Blocked by Drew Fata.
7:15 of 2nd period - Matthew Spiller is hit by Tom Poti and loses puck.
7:51 of 2nd period - Wrist shot by Andrew Cogliano.
7:51 of 2nd period - Shot Misses the Net.
8:13 of 2nd period - Wrist shot by Nicklas Backstrom.
8:13 of 2nd period - Stopped by Carey Price without a rebound.
8:14 of 2nd period - Travis Zajac wins face-off versus Matt Stajan in Canucks zone.
8:29 of 2nd period - Slapshot by Mike Green.
8:29 of 2nd period - Shot Blocked by Matt Stajan.
8:41 of 2nd period - Slapshot by David Jones.
8:41 of 2nd period - Stopped by Tuukka Rask with a rebound.
8:51 of 2nd period - Snap shot by Tomas Plekanec.
8:51 of 2nd period - Shot Misses the Net.
8:57 of 2nd period - Minor Penalty to Bryce Lampman for Interference.
8:58 of 2nd period - Nik Antropov wins face-off versus Matt Stajan in Blues zone.
9:07 of 2nd period - Snap shot by Jaromir Jagr.
9:07 of 2nd period - Shot Misses the Net.
9:09 of 2nd period - Snap shot by Alex Goligoski.
9:09 of 2nd period - Deflect By Jaromir Jagr.
9:09 of 2nd period - Shot Blocked by Drew Fata.
9:09 of 2nd period - Puck is out of play.
9:10 of 2nd period - Matt Stajan wins face-off versus Nik Antropov in Blues zone.
10:57 of 2nd period - Penalty to Bryce Lampman is over, Bryce Lampman is back on ice.
11:32 of 2nd period - Daniel Paille is hit by David Perron and loses puck.
11:39 of 2nd period - Snap shot by Nicklas Backstrom.
11:39 of 2nd period - Deflect By Loui Eriksson.
11:39 of 2nd period - Stopped by Carey Price with a rebound.
12:25 of 2nd period - Kyle Cumiskey is hit by Loui Eriksson and loses puck.
12:32 of 2nd period - Kyle Cumiskey is hit by Bryce Lampman and loses puck.
12:51 of 2nd period - Backhand shot by Alex Goligoski.
12:51 of 2nd period - Stopped by Tuukka Rask without a rebound.
12:52 of 2nd period - Travis Zajac wins face-off versus Matt Stajan in Blues zone.
13:05 of 2nd period - Paul Kariya is hit by Clarke MacArthur.
13:36 of 2nd period - Alex Goligoski is hit by Tyler Arnason and loses puck.
14:17 of 2nd period - Peter Worrell is hit by Loui Eriksson and loses puck.
15:16 of 2nd period - Alex Goligoski is hit by Joe Pavelski and loses puck.
15:39 of 2nd period - Snap shot by David Jones.
15:39 of 2nd period - Stopped by Tuukka Rask without a rebound.
15:40 of 2nd period - Nicklas Backstrom wins face-off versus Tomas Plekanec in Blues zone.
15:51 of 2nd period - Wrist shot by Loui Eriksson.
15:51 of 2nd period - Shot Misses the Net.
16:59 of 2nd period - Snap shot by Daniel Paille.
16:59 of 2nd period - Goal by Daniel Paille - Canucks : 3 - Blues : 0.
17:00 of 2nd period - Travis Zajac wins face-off versus Matt Stajan in neutral zone.
17:10 of 2nd period - Minor Penalty to Drew Fata for Tripping.
17:11 of 2nd period - Nik Antropov wins face-off versus Matt Stajan in Blues zone.
17:19 of 2nd period - Slapshot by Peter Worrell.
17:19 of 2nd period - Shot Blocked by Bryce Lampman.
17:21 of 2nd period - Snap shot by Matt Stajan.
17:21 of 2nd period - Shot Misses the Net.
17:23 of 2nd period - Slapshot by Kent Huskins.
17:23 of 2nd period - Stopped by Tuukka Rask with a rebound.
17:25 of 2nd period - Slapshot by Kyle Cumiskey.
17:25 of 2nd period - Shot Misses the Net.
17:27 of 2nd period - Snap shot by Matt Stajan.
17:27 of 2nd period - Shot Misses the Net.
18:02 of 2nd period - Icing by Jaromir Jagr.
18:03 of 2nd period - Jaromir Jagr wins face-off versus Nik Antropov in Canucks zone.
18:16 of 2nd period - Slapshot by Tomas Plekanec.
18:16 of 2nd period - Goal by Tomas Plekanec - Canucks : 4 - Blues : 0.
18:17 of 2nd period - Travis Zajac wins face-off versus Matt Stajan in neutral zone.
18:21 of 2nd period - Off-side.
18:22 of 2nd period - Matt Stajan wins face-off versus Travis Zajac in neutral zone.
18:51 of 2nd period - Off-side.
18:52 of 2nd period - Tomas Plekanec wins face-off versus Nicklas Backstrom in neutral zone.
19:18 of 2nd period - Icing by Mike Green.
19:19 of 2nd period - Matt Stajan wins face-off versus Nicklas Backstrom in Blues zone.
19:40 of 2nd period - Minor Penalty to Loui Eriksson for Slashing.
19:41 of 2nd period - Matt Stajan wins face-off versus Nik Antropov in Blues zone.
19:48 of 2nd period - Slapshot by Alex Goligoski.
19:48 of 2nd period - Shot Misses the Net.
19:50 of 2nd period - Snap shot by Jaromir Jagr.
19:50 of 2nd period - Shot Blocked by Bryce Lampman.
19:54 of 2nd period - Snap shot by Jaromir Jagr.
19:54 of 2nd period - Shot Misses the Net.
Goals for this period are 2 for Canucks vs 0 for Blues.
Shots for this period are 16 for Canucks vs 7 for Blues.

3rd period


0:01 of 3rd period - Matt Stajan wins face-off versus Nik Antropov in neutral zone.
1:40 of 3rd period - Penalty to Loui Eriksson is over, Loui Eriksson is back on ice.
2:16 of 3rd period - Slapshot by Daniel Paille.
2:16 of 3rd period - Shot Misses the Net.
2:59 of 3rd period - Wrist shot by Paul Kariya.
2:59 of 3rd period - Shot Misses the Net.
3:11 of 3rd period - Snap shot by David Perron.
3:11 of 3rd period - Deflect By Loui Eriksson.
3:11 of 3rd period - Stopped by Carey Price without a rebound.
3:12 of 3rd period - Nicklas Backstrom wins face-off versus Matt Stajan in Canucks zone.
3:25 of 3rd period - Wrist shot by Loui Eriksson.
3:25 of 3rd period - Shot Misses the Net.
4:25 of 3rd period - Minor Penalty to Peter Worrell for Slashing.
4:26 of 3rd period - Jaromir Jagr wins face-off versus Travis Zajac in Canucks zone.
6:25 of 3rd period - Penalty to Peter Worrell is over, Peter Worrell is back on ice.
6:30 of 3rd period - Lee Stempniak is hit by Tomas Plekanec and loses puck.
6:37 of 3rd period - Karl Alzner is hit by Lee Stempniak and loses puck.
6:59 of 3rd period - Double Minor Penalty to Andrew Cogliano for Roughing.
7:00 of 3rd period - Nik Antropov wins face-off versus Matt Stajan in Blues zone.
7:00 of 3rd period - Nik Antropov is hit by Peter Worrell.
7:37 of 3rd period - Slapshot by Loui Eriksson.
7:37 of 3rd period - Shot Misses the Net.
8:32 of 3rd period - Jaromir Jagr is hit by Nicklas Backstrom and loses puck.
9:13 of 3rd period - Slapshot by Alex Tanguay.
9:13 of 3rd period - Stopped by Tuukka Rask with a rebound.
9:15 of 3rd period - Snap shot by Alex Tanguay.
9:15 of 3rd period - Goal by Alex Tanguay - Canucks : 5 - Blues : 0.
9:16 of 3rd period - Matt Stajan wins face-off versus Travis Zajac in neutral zone.
9:29 of 3rd period - Jaromir Jagr is hit by Joe Pavelski and loses puck.
9:42 of 3rd period - Mike Green is hit by Peter Worrell.
11:27 of 3rd period - Peter Worrell beats up Matthew Spiller.
11:27 of 3rd period - Penalty to Matthew Spiller for Fighting.
11:27 of 3rd period - Penalty to Peter Worrell for Fighting.
11:28 of 3rd period - Joe Pavelski wins face-off versus Matt Stajan in Blues zone.
11:37 of 3rd period - Snap shot by Travis Zajac.
11:37 of 3rd period - Stopped by Carey Price with a rebound.
11:53 of 3rd period - David Jones is hit by Loui Eriksson and loses puck.
11:58 of 3rd period - Wrist shot by David Perron.
11:58 of 3rd period - Stopped by Carey Price with a rebound.
12:35 of 3rd period - Wrist shot by Clarke MacArthur.
12:35 of 3rd period - Shot Misses the Net.
13:37 of 3rd period - Wrist shot by Andrew Cogliano.
13:37 of 3rd period - Shot Misses the Net.
13:39 of 3rd period - Wrist shot by Kyle Okposo.
13:39 of 3rd period - Goal by Kyle Okposo - Canucks : 5 - Blues : 1.
13:40 of 3rd period - Jaromir Jagr wins face-off versus Joe Pavelski in neutral zone.
13:43 of 3rd period - Paul Kariya is hit by Matt Stajan.
13:47 of 3rd period - Slapshot by Kevin Shattenkirk.
13:47 of 3rd period - Shot Blocked by Matt Stajan.
13:49 of 3rd period - Slapshot by Paul Kariya.
13:49 of 3rd period - Shot Misses the Net.
13:51 of 3rd period - Wrist shot by Paul Kariya.
13:51 of 3rd period - Shot Misses the Net.
13:53 of 3rd period - Slapshot by Drew Fata.
13:53 of 3rd period - Shot Blocked by Matt Stajan.
13:55 of 3rd period - Slapshot by Kevin Shattenkirk.
13:55 of 3rd period - Goal by Kevin Shattenkirk - Canucks : 5 - Blues : 2.
13:56 of 3rd period - Travis Zajac wins face-off versus Matt Stajan in neutral zone.
13:59 of 3rd period - Matt Stajan is hit by Mike Green and loses puck.
14:04 of 3rd period - Wrist shot by Travis Zajac.
14:04 of 3rd period - Stopped by Carey Price with a rebound.
14:06 of 3rd period - Wrist shot by Joe Pavelski.
14:06 of 3rd period - Shot Misses the Net.
14:08 of 3rd period - Wrist shot by Joe Pavelski.
14:08 of 3rd period - Stopped by Carey Price with a rebound.
14:10 of 3rd period - Snap shot by Travis Zajac.
14:10 of 3rd period - Shot Misses the Net.
14:22 of 3rd period - David Perron is hit by Tomas Plekanec and loses puck.
14:29 of 3rd period - Tomas Plekanec is hit by Kevin Shattenkirk.
15:07 of 3rd period - Kyle Cumiskey is hit by Lee Stempniak and loses puck.
15:11 of 3rd period - Icing by Kyle Cumiskey.
15:12 of 3rd period - Maxim Lapierre wins face-off versus Travis Zajac in Canucks zone.
15:38 of 3rd period - Slapshot by Alex Tanguay.
15:38 of 3rd period - Stopped by Tuukka Rask with a rebound.
15:40 of 3rd period - Slapshot by Maxim Lapierre.
15:40 of 3rd period - Shot Misses the Net.
15:42 of 3rd period - Wrist shot by Maxim Lapierre.
15:42 of 3rd period - Stopped by Tuukka Rask without a rebound.
15:43 of 3rd period - Matt Stajan wins face-off versus Travis Zajac in Blues zone.
15:52 of 3rd period - Backhand shot by Kevin Shattenkirk.
15:52 of 3rd period - Shot Misses the Net.
15:54 of 3rd period - Slapshot by Drew Fata.
15:54 of 3rd period - Deflect By Travis Zajac.
15:54 of 3rd period - Shot Misses the Net.
15:54 of 3rd period - Puck is out of play.
15:55 of 3rd period - Travis Zajac wins face-off versus Matt Stajan in Canucks zone.
16:21 of 3rd period - Bryce Lampman is hit by David Jones.
16:34 of 3rd period - Snap shot by Alex Tanguay.
16:34 of 3rd period - Stopped by Tuukka Rask with a rebound.
16:45 of 3rd period - Icing by Mike Green.
16:46 of 3rd period - Olli Jokinen wins face-off versus Nik Antropov in Blues zone.
17:19 of 3rd period - Wrist shot by Daniel Paille.
17:19 of 3rd period - Shot Hit the Post.
17:59 of 3rd period - Wrist shot by Tomas Plekanec.
17:59 of 3rd period - Stopped by Tuukka Rask with a rebound.
18:01 of 3rd period - Snap shot by Peter Worrell.
18:01 of 3rd period - Shot Blocked by Lee Stempniak.
18:13 of 3rd period - Wrist shot by Andrew Cogliano.
18:13 of 3rd period - Deflect By Nik Antropov.
18:13 of 3rd period - Shot Misses the Net.
18:13 of 3rd period - Puck is out of play.
18:14 of 3rd period - Nik Antropov wins face-off versus Maxim Lapierre in Canucks zone.
18:15 of 3rd period - Snap shot by Andrew Cogliano.
18:15 of 3rd period - Deflect By Kyle Okposo.
18:15 of 3rd period - Shot Blocked by Alex Goligoski.
18:15 of 3rd period - Puck is out of play.
18:16 of 3rd period - Matt Stajan wins face-off versus Nik Antropov in Canucks zone.
18:46 of 3rd period - Snap shot by Joe Pavelski.
18:46 of 3rd period - Stopped by Carey Price without a rebound.
18:47 of 3rd period - Travis Zajac wins face-off versus Clarke MacArthur in Canucks zone.
18:48 of 3rd period - Backhand shot by Kevin Shattenkirk.
18:48 of 3rd period - Deflect By Travis Zajac.
18:48 of 3rd period - Stopped by Carey Price with a rebound.
18:50 of 3rd period - Wrist shot by Joe Pavelski.
18:50 of 3rd period - Shot Misses the Net.
18:52 of 3rd period - Slapshot by Paul Kariya.
18:52 of 3rd period - Stopped by Carey Price without a rebound.
18:53 of 3rd period - Matt Stajan wins face-off versus Travis Zajac in Canucks zone.
18:55 of 3rd period - Minor Penalty to Clarke MacArthur for Hooking.
18:56 of 3rd period - Jaromir Jagr wins face-off versus Travis Zajac in Canucks zone.
19:32 of 3rd period - Slapshot by Mike Green.
19:32 of 3rd period - Stopped by Carey Price without a rebound.
19:33 of 3rd period - Travis Zajac wins face-off versus Peter Worrell in Canucks zone.
Goals for this period are 1 for Canucks vs 2 for Blues.
Shots for this period are 6 for Canucks vs 11 for Blues.


Output by the SimonT Hockey Simulator (STHS) for François Prévost -- Original Page W3C XHTML 1.0 Valid
Hockey Simulator - Hockey Simulation - Hockey Manager